 Dungeon Crawl Stone Soup version 0.31.0-9-g3a7656b989 (webtiles) character file.

Game seed: 17394596630949258322

11 qw the Shooter (level 2, 0/16 HPs)
             Began as a Deep Elf Hunter on Feb 2, 2024.
             Succumbed to their own poison gas
             ... on level 1 of the Dungeon.
             The game lasted 00:00:01 (393 turns).

qw the Shooter (Deep Elf Hunter)                     Turns: 393, Time: 00:00:01

Health: 0/16       AC:  3    Str:  8    XL:     2   Next: 17%
Magic:  4/4        EV: 12    Int: 13    God:
Gold:   12         SH:  0    Dex: 24    Spells: 1/1 levels left

rFire   . . .        a - +0 shortbow
rCold   . . .        (shield currently unavailable)
rNeg    . . .        c - +0 leather armour
rPois   .            (no helmet)
rElec   .            (no cloak)
rCorr   .            (no gloves)
SInv    .            (no boots)
Will    .....        (no amulet)
Stlth   ++           d - +6 ring of dexterity
HPRegen 0.22/turn    (no ring)
MPRegen 0.09/turn

%: no passive effects
@: lethally poisoned (0 -> -3)
A: no striking features
a: no special abilities


You were on level 1 of the Dungeon.
You visited 1 branch of the dungeon, and saw 1 of its levels.

You collected 12 gold pieces.


   Skills:
 - Level 1.5 Fighting
 + Level 6.0 Ranged Weapons
 - Level 2.4 Dodging
 - Level 1.2 Stealth


You had one spell level left.
You didn't know any spells.
Your spell library was empty.

Inventory:

Hand Weapons
 a - a +0 shortbow (weapon)
Armour
 c - a +0 leather armour (worn)
Jewellery
 d - a +6 ring of dexterity (left hand)

Dungeon Overview and Level Annotations

Branches:
Dungeon (1/15)

Altars:


Message History

376 ||| IDENTIFYING 2 lumpy golden potions
g - 2 potions of berserk rage You shoot an arrow.
The arrow hits the ball python.
You kill the ball python!
A kobold comes into view. It is wielding a +0 club.
A kobold is nearby!
383 ||| READING scroll labelled NOAX FUKKAUN.
The air fills with toxic fumes!
As you read the scroll labelled NOAX FUKKAUN, it crumbles to dust.
It was a scroll of poison.
The kobold shouts!
A kobold is nearby!
384 ||| DROPPING scroll of butterflies.
You drop a scroll of butterflies.
A kobold is nearby!
385 ||| DROPPING 2 potions of berserk rage.
You drop 2 potions of berserk rage.
A kobold is nearby!
A kobold is nearby!
Enter note:
Enter note:
Enter note: You are engulfed in poison gas.
You are lethally poisoned!
You feel very sick.
387 ||| Stepping ~*~*~tactically~*~*~ (cloud).
You feel very sick.
Things that are here:
2 potions of berserk rage; a scroll of butterflies
There is a lethal amount of poison in your body!
You feel sick.
There is a lethal amount of poison in your body!
You feel sick.
There is a lethal amount of poison in your body!
You feel sick.
There is a lethal amount of poison in your body!
You feel sick.
There is a lethal amount of poison in your body!
You feel sick.
There is a lethal amount of poison in your body!
You die...

.......... ## .¤¤¤00000#
.... .¤¤00¤0¤0###.# #
.0¤0.¤0000K..##. ##
.0.¤¤00.0###... ..
.¤¤¤000¤.#}#.##.#
.¤0.00¤0%###.0¤.#
.¤0¤¤¤00¤00¤¤### #.....#
..¤¤¤¤¤0@¤¤0000# #|..%.#
######+#¤###¤#¤# #.....#
#¤0 #.#.# #.....#
###¤#.#.# #..^..# .#.#.#
#..%..## #.#.###.......
###########'#...........
+...............>.#.....
#.................#.....


You could see a kobold.

Vanquished Creatures
  2 bats (D:1)
  2 endoplasms (D:1)
  A goblin (D:1)
  3 ball pythons (D:1)
  A frilled lizard (D:1)
  4 rats (D:1)
13 creatures vanquished.

Notes
Turn   | Place    | Note
-------+----------+-------------------------------------------
     0 | D:1      | qw the Deep Elf Hunter began the quest for the Orb.
     0 | D:1      | Reached XP level 1. HP: 12/12 MP: 3/3
     0 | D:1      | 0 ||| qw: Version: 0.3-a-155-g5e7d8dd
     0 | D:1      | 0 ||| qw: Game counter: 2119
     0 | D:1      | 0 ||| qw: Melee chars always use a shield: true
     0 | D:1      | 0 ||| qw: God list: Okawaru
     0 | D:1      | 0 ||| qw: Allow faded altars: false
     0 | D:1      | 0 ||| qw: Do Orc after clearing Dungeon:15 true
     0 | D:1      | 0 ||| qw: Do second Lair branch before Depths: true
     0 | D:1      | 0 ||| qw: Lair rune preference: random
     0 | D:1      | 0 ||| qw: Goals: Normal
     0 | D:1      | 0 ||| PLANNING D:1-11
    97 | D:1      | Reached XP level 2. HP: 16/16 MP: 4/4
   336 | D:1      | Reached skill level 6 in Ranged Weapons
   375 | D:1      | 375 ||| UPGRADING to +6 ring of dexterity.
   376 | D:1      | 376 ||| READING scroll labelled TIMYAWK FICIJ.
   376 | D:1      | 376 ||| IDENTIFYING 2 lumpy golden potions
   383 | D:1      | 383 ||| READING scroll labelled NOAX FUKKAUN.
   384 | D:1      | 384 ||| DROPPING scroll of butterflies.
   385 | D:1      | 385 ||| DROPPING 2 potions of berserk rage.
   387 | D:1      | 387 ||| Stepping ~*~*~tactically~*~*~ (cloud).
   389 | D:1      | HP: 4/16 [poisoned by you (poison gas)]
   392 | D:1      | HP: 1/16 [poisoned by you (poison gas)]
   393 | D:1      | Succumbed to their own poison gas

Levels and vault maps discovered:
D:1:      dpeg_arrival_stone_temple_mockup, layout_basic,
          corexii_item_surrounded_by_moat, feat_on_display

Skill      XL: |  1  2 |
---------------+-------+-----
Ranged Weapons | 6 |  6.0
Fighting       | |  1.5
Dodging        | |  2.4
Stealth        | |  1.2

Action                     || total
---------------------------++-------
   Fire: Shortbow          ||    21
    Use: Scroll            ||     2

Table legend:
 A = Non-vault XP
 B = Vault XP
 C = Vault XP percentage of total XP
 D = Non-vault monster count
 E = Vault monster count
 F = Vault count percentage of total count
                 A         B        C        D         E       F
            +---------+---------+-------+---------+---------+-------
      Total |      17 |       0 |   0.0 |      13 |       0 |   0.0
            +---------+---------+-------+---------+---------+-------
        D:1 |      17 |       0 |   0.0 |      13 |       0 |   0.0
            +---------+---------+-------+---------+---------+-------
